Map: 킹스 코브 - 래더

Players

DnS

  • Race: Protoss Protoss
  • Spawn Location: 5:00

llllllllllll (Stats) - Winner!

  • Race: Protoss Protoss
  • League: Grandmaster
  • Spawn Location: 11:00

Event: HomeStory Cup XIX

VOD

Have the link to the VOD?

Description

Time

  • Played on: June 27, 2019, 5:19 p.m.
  • Length: 7:00

All games in this series

Show
View Real Time Build Order
Export as new Build Order

DnS Protoss 

Build Orders: Oracle Opening 

Get SALT Encoding   

  12  0:01  Probe  
  13  0:13  Probe  
  14  0:18  Pylon  
  14  0:25  Probe  
  15  0:33  Probe  
  15  0:37  Gateway  
  15  0:41  Probe  
  16  0:46  Assimilator  
  17  0:52  Probe  
  17  0:55  Assimilator  
  18  1:01  Probe  
  18  1:09  Probe  
  18  1:10  Gateway  
  20  1:18  Probe  
  21  1:26  Cybernetics Core  
  21  1:31  Probe  
  22  1:37  Pylon  
  22  1:43  Probe  
  23  1:55  Probe  
  24  2:02  Adept x2, Warp Gate  
  28  2:13  Pylon  
  28  2:20  Stargate  
  28  2:36  Stalker  
  30  2:59  Oracle, Nexus  
  33  3:18  Pylon  
  33  3:20  Stalker  
  33  3:21  Stalker  
  33  3:24  Shield Battery  
  33  3:26  Oracle  
  37  3:28  Pylon  
  40  3:58  Robotics Facility  
  40  4:11  Probe  
  40  4:12  Stalker  
  40  4:13  Pylon  
  43  4:23  Pylon  
  43  4:28  Probe  
  40  4:35  Immortal  
  40  4:43  Sentry  
  40  4:44  Zealot  
  48  4:46  Probe  
  49  4:58  Probe  
  50  5:09  Nexus  
  49  5:16  Immortal  
  49  5:25  Probe  
  54  5:36  Pylon  
  54  5:38  Probe  
  55  5:54  Probe  
  56  6:08  Probe, Warp Prism  
  59  6:21  Probe  
  59  6:22  Stalker  
  59  6:23  Stalker  
  64  6:31  Pylon  
  62  6:46  Stalker x2  
Show
View Real Time Build Order
Export as new Build Order

llllllllllll Protoss - Winner!

Build Orders: Phoenix Opening 

Get SALT Encoding   

  12  0:00  Probe  
  13  0:12  Probe  
  14  0:18  Pylon  
  14  0:24  Probe  
  15  0:32  Probe  
  15  0:37  Gateway  
  15  0:40  Probe  
  16  0:46  Assimilator  
  17  0:51  Probe  
  17  0:55  Assimilator  
  18  1:00  Probe  
  19  1:08  Probe, Gateway  
  19  1:17  Probe  
  20  1:25  Cybernetics Core  
  21  1:29  Probe  
  22  1:35  Pylon  
  22  1:41  Probe  
  23  1:53  Warp Gate  
  23  1:54  Probe  
  24  2:02  Stalker, Sentry  
  24  2:06  Probe  
  29  2:12  Pylon  
  29  2:34  Stalker x2  
  32  2:43  Robotics Facility  
  32  2:44  Gateway  
  32  2:53  Shield Battery  
  32  3:03  Phoenix  
  32  3:04  Stalker  
  34  3:06  Shield Battery  
  34  3:13  Stalker  
  36  3:21  Warp Prism  
  36  3:22  Pylon  
  38  3:55  Stalker  
  38  3:56  Stalker x2  
  38  4:02  Observer  
  44  4:11  Pylon  
  44  4:14  Twilight Council  
  44  4:21  Probe  
  45  4:37  Resonating Glaives  
  45  4:41  Sentry  
  45  4:42  Sentry  
  48  4:50  Nexus  
  48  4:52  Probe  
  49  4:57  Phoenix  
  49  5:06  Pylon  
  49  5:16  Adept  
  49  5:18  Adept  
  53  5:26  Adept  
  55  5:37  Adept  
  55  5:39  Adept  
  59  5:46  Observer  
  59  5:47  Adept  
  61  6:11  Adept x3  
  63  6:16  Observer  
  63  6:17  Probe x2  
  70  6:19  Observer  
  70  6:32  Adept x3  
  76  6:46  Probe x2  
  78  6:53  Adept x2  
  76  6:54  Adept  
Tags
 
Add a new tag
Caveats
  • Supply blocks, unpowered buildings, or Contaminate may cause inaccurate times.
  • Supply counts are checked every 10 seconds.